 Dungeon Crawl Stone Soup version 0.19.4-25-g1b72edd (webtiles) character file.

5499 vatarom the Zephyrmancer (level 10, -8/58 HPs)
             Began as a Tengu Air Elementalist on Feb 28, 2017.
             Was a Believer of Vehumet.
             Mangled by a seven-headed hydra (11 damage)
             ... on level 8 of the Dungeon.
             The game lasted 00:22:48 (11298 turns).

vatarom the Zephyrmancer (Tengu Air Elementalist)  Turns: 11298, Time: 00:22:49

Health: -8/58      AC:  5    Str: 13    XL:     10   Next: 70%
Magic:  14/23      EV: 16    Int: 20    God:    Vehumet [**....]
Gold:   407        SH:  0    Dex: 15    Spells: 7 memorised, 7 levels left

rFire  . . .     SeeInvis +     z - +0 spear (venom)
rCold  . . .     Gourm    .     t - +0 leather armour of the Will of the Gods {rPois Regen+ Str+4 SInv}
rNeg   . . .     Faith    .     (no shield)
rPois  +         Spirit   .     (helmet restricted)
rElec  .         Reflect  .     (no cloak)
rCorr  +         Harm     .     r - +1 pair of gloves
MR     .....                    (boots unavailable)
Stlth  ++........               s - amulet of rage
                                n - ring of resist corrosion
                                q - +2 ring of intelligence

@: repel missiles
A: beak, talons 3, able to fly 1
a: Fly, Renounce Religion, Evoke Berserk Rage


You were on level 8 of the Dungeon.
You worshipped Vehumet.
Vehumet was pleased with you.
You were full.

You visited 2 branches of the dungeon, and saw 9 of its levels.

You collected 407 gold pieces.

Inventory:

Hand Weapons
 h - a +4 whip
 z - a +0 spear of venom (weapon)
Armour
 a - a +1 robe
 i - a +0 pair of gloves
 r - a +1 pair of gloves (worn)
 t - the +0 leather armour of the Will of the Gods (worn) {rPois Regen+ Str+4 SInv}
   (You found it on level 8 of the Dungeon)

   It affects your strength (+4).
   It protects you from poison.
   It lets you see invisible.
   It increases your rate of regeneration.
Jewellery
 n - a ring of resist corrosion (right hand)
 o - an uncursed ring of poison resistance
 q - a +2 ring of intelligence (left hand)
 s - an amulet of rage (around neck)
Wands
 c - a wand of paralysis (8/24)
 e - a wand of confusion (35/48)
 l - a wand of flame (33/48)
 m - a wand of iceblast (8/15)
 p - a wand of random effects (29/48)
 A - a wand of iceblast (9/15)
Scrolls
 g - 5 scrolls of remove curse
 x - a scroll of enchant armour
 y - a scroll of recharging {unknown}
Potions
 d - 2 potions of cancellation
 v - a potion of brilliance
 w - a potion of might
Books
 b - a book of Air

   Spells                             Type                      Level
   a - Shock                          Conjuration/Air              1
   b - Swiftness                      Charms/Air                   2
   c - Repel Missiles                 Charms/Air                   2
   d - Static Discharge               Conjuration/Air              3
   e - Lightning Bolt                 Conjuration/Air              5
Comestibles
 f - a meat ration
 j - 2 beef jerkies
 k - 3 fruits
 u - a slice of pizza


   Skills:
 + Level 4.9 Fighting
 - Level 7.2 Dodging
 - Level 2.0 Stealth
 - Level 8.1 Spellcasting
 - Level 5.1 Conjurations
 * Level 12.6 Air Magic


You had 7 spell levels left.
You knew the following spells:

 Your Spells              Type           Power        Failure   Level  Hunger
a - Shock                 Conj/Air       ####         1%          1    None
b - Repel Missiles        Chrm/Air       ####..       1%          2    None
c - Swiftness             Chrm/Air       ####....     1%          2    None
d - Static Discharge      Conj/Air       #####...     1%          3    None
e - Lightning Bolt        Conj/Air       #####.....   10%         5    #####..
f - Throw Frost           Conj/Ice       ###...       8%          2    None
g - Mephitic Cloud        Conj/Pois/Air  ####....     3%          3    None


Dungeon Overview and Level Annotations

Branches:
Dungeon (8/15)             Temple (1/1) D:5            Lair (0/6) D:8

Altars:
Ashenzari
Cheibriados
Dithmenos
Elyvilon
Fedhas
Gozag
Hepliaklqana
Kikubaaqudgha
Makhleb
Nemelex Xobeh
Okawaru
Qazlal
Ru
Sif Muna
Trog
Uskayaw
Vehumet
Xom
Yredelemnul
Zin
The Shining One

Annotations:
D:7 Agrougrou's ghost, novice DsFi


Innate Abilities, Weirdness & Mutations

You have a beak for a mouth.
You have claws for feet.
You can fly.


Message History

The shadow imp shouts, "Decamp, thou plume-plucked nose-picking whey-face!"
A manticore comes into view.
Casting: Static Discharge
Confirm with . or Enter, or press ? or * to list all spells.
Okay, then.
Unknown command.
Your magical contamination has completely faded away.
You see here an animal skin.
The shadow imp sputters.
Things that are here:
a battleaxe; 2 tomahawks; a plate armour The shadow imp puffs mist at you.
The seven-headed hydra bites you! The seven-headed hydra bites you.
The seven-headed hydra bites you!
* * * LOW HITPOINT WARNING * * *
The seven-headed hydra barely misses you.
The seven-headed hydra bites you!
* * * LOW HITPOINT WARNING * * *
The seven-headed hydra bites you!
You die...

# #.##.#
########.## #.##.#
#5# #.##.# #.#
#.##.# #.# ###
#.##.#
###########.# ..#
#.##.#
#.5..5......# #.#
#.##.#
#.########### #.#
#.##.######D# #.#
#.##......@.#
#.#####.###########
#....†...#
#######.## ###


You could see a seven-headed hydra and a shadow imp.

Vanquished Creatures
  Pikel (D:8)
  Maurice (D:8)
  A hornet (D:7)
  The ghost of vatarom the Zephyrmancer, an amateur TeAE (D:4)
  Grum (D:8)
  A water moccasin (D:7)
  3 slaves (D:8)
  4 orc warriors
  A sky beast (D:8)
  3 phantoms
  2 ice beasts (D:7)
  A black bear (D:8)
  An eye of draining (D:8)
  A necrophage (D:7)
  2 wolves (D:8)
  6 centaurs
  5 ogres
  A big kobold (D:6)
  6 bullfrogs
  2 scorpions
  3 howler monkeys
  3 crimson imps
  A bullfrog zombie (D:6)
  2 jellies
  6 orc wizards
  2 quasits (D:8)
  6 orc priests
  6 hounds
  3 centaur skeletons
  2 bullfrog skeletons
  An iguana (D:8)
  3 worker ants
  4 gnolls (D:6)
  4 adders
  A shadow imp (D:6)
  An adder zombie (D:8)
  2 adder skeletons
  2 worms
  4 dart slugs
  4 leopard geckos
  23 orcs
  3 bats
  2 giant cockroaches
  9 goblins
  5 hobgoblins
  4 quokkas
  4 ball pythons
  2 frilled lizards (D:1)
  8 kobolds
  A leopard gecko skeleton (D:4)
  2 leopard gecko zombies (D:6)
  A quokka skeleton (D:8)
  7 rats
175 creatures vanquished.

Vanquished Creatures (others)
  A slave (D:8)
1 creature vanquished.

Grand Total: 176 creatures vanquished

Notes
Turn   | Place    | Note
-------+----------+-------------------------------------------
     0 | D:1      | vatarom the Tengu Air Elementalist began the quest for the Orb.
     0 | D:1      | Reached XP level 1. HP: 10/10 MP: 4/4
   138 | D:1      | Gained mutation: Your natural rate of healing is unusually fast. [potion of mutation]
   138 | D:1      | Gained mutation: You are partially covered in yellow scales. (AC +2) [potion of mutation]
   138 | D:1      | Gained mutation: You are dopey. (Int -2) [potion of mutation]
   395 | D:1      | Reached XP level 2. HP: 15/15 MP: 1/6
   650 | D:1      | Reached skill level 5 in Air Magic
   957 | D:2      | Reached XP level 3. HP: 19/19 MP: 1/7
  1058 | D:2      | Learned a level 2 spell: Repel Missiles
  1061 | D:2      | Learned a level 2 spell: Swiftness
  1230 | D:2      | Found a shattered altar of Ashenzari.
  1230 | D:2      | Found an opulent altar of Gozag.
  1234 | D:2      | Found a sacrificial altar of Ru.
  1765 | D:2      | Reached skill level 6 in Air Magic
  2229 | D:3      | Reached XP level 4. HP: 21/24 MP: 5/8
  2423 | D:3      | Found a stormy altar of Qazlal.
  2794 | D:3      | Learned a level 3 spell: Static Discharge
  3049 | D:4      | Noticed an ogre
  3084 | D:4      | Gained mutation: You can fly. [Tengu growth]
  3084 | D:4      | Reached XP level 5. HP: 28/28 MP: 10/10
  3238 | D:4      | Noticed vatarom's ghost (amateur TeAE)
  3273 | D:4      | Killed vatarom's ghost
  3273 | D:4      | Reached XP level 6. HP: 19/37 MP: 1/11
  3491 | D:4      | Lost mutation: You are dopey. (Int -2) [potion of cure mutation]
  3491 | D:4      | Lost mutation: You are partially covered in yellow scales. (AC +2) [potion of cure mutation]
  3491 | D:4      | Lost mutation: Your natural rate of healing is unusually fast. [potion of cure mutation]
  3812 | D:4      | Reached skill level 7 in Air Magic
  3812 | D:4      | Reached XP level 7. HP: 41/41 MP: 1/12
  4543 | D:5      | Entered Level 5 of the Dungeon
  4747 | D:5      | Found a staircase to the Ecumenical Temple.
  4768 | Temple   | Entered the Ecumenical Temple
  4975 | Temple   | Became a worshipper of Vehumet
  5787 | D:6      | Reached skill level 8 in Air Magic
  6169 | D:6      | Reached skill level 9 in Air Magic
  6371 | D:6      | Reached XP level 8. HP: 45/47 MP: 7/13
  6393 | D:5      | Reached skill level 10 in Air Magic
  6628 | D:6      | Learned a level 5 spell: Lightning Bolt
  6860 | D:6      | Reached skill level 11 in Air Magic
  7114 | D:6      | Reached * piety under Vehumet
  7114 | D:6      | Offered knowledge of Freeze by Vehumet.
  7846 | D:7      | Noticed a hornet
  7854 | D:7      | Killed a hornet
  7854 | D:7      | Reached XP level 9. HP: 50/51 MP: 1/14
  8057 | D:7      | Noticed Agrougrou's ghost (novice DsFi)
  8581 | D:7      | Found an iron altar of Okawaru.
  8817 | D:7      | Reached skill level 5 in Conjurations
  9424 | D:8      | Noticed Pikel
  9433 | D:8      | Killed Pikel
  9433 | D:8      | Reached skill level 5 in Spellcasting
  9584 | D:8      | Got a brightly glowing leather armour
  9595 | D:8      | Identified the cursed +0 leather armour of the Will of the Gods {rPois Regen+ Str+4 SInv} (You found it on level 8 of the Dungeon)
  9763 | D:8      | Noticed Maurice
  9771 | D:8      | Killed Maurice
  9771 | D:8      | Reached XP level 10. HP: 46/56 MP: 4/21
 10049 | D:8      | Reached ** piety under Vehumet
 10049 | D:8      | Offered knowledge of Throw Frost by Vehumet.
 10466 | D:8      | Learned a level 2 spell: Throw Frost
 10669 | D:8      | Reached skill level 12 in Air Magic
 10694 | D:8      | Noticed Grum
 10733 | D:8      | Killed Grum
 10983 | D:8      | Found a staircase to the Lair.
 11053 | D:8      | Offered knowledge of Mephitic Cloud by Vehumet.
 11064 | D:8      | Learned a level 3 spell: Mephitic Cloud
 11248 | D:8      | Noticed a seven-headed hydra
 11258 | D:8      | Noticed a manticore
 11298 | D:8      | Mangled by a seven-headed hydra

Skill      XL: |  1  2  3  4  5  6  7  8  9 10 |
---------------+-------------------------------+-----
Air Magic      | 5 6 7 9 11 12 | 12.6
Spellcasting   | 3 7 8 |  8.1
Fighting       | 3 4 |  4.9
Conjurations   | 3 5 |  5.1
Dodging        | 6 7 |  7.2
Stealth        | |  2.0

Action                   |  1- 3 |  4- 6 |  7- 9 | 10-12 || total
-------------------------+-------+-------+-------+-------++-------
Melee: Kick              |     7 |     3 |    14 |    14 ||    38
       Unarmed           |     2 |       |       |       ||     2
       Mace              |    16 |       |       |       ||    16
       Peck              |     3 |     2 |    14 |     1 ||    20
       Whip              |    16 |    15 |    69 |    25 ||   125
       Spear             |       |       |       |    20 ||    20
 Cast: Shock             |    57 |    43 |   205 |   103 ||   408
       Repel Missiles    |     1 |       |       |     2 ||     3
       Static Discharge  |       |     5 |    31 |    16 ||    52
       Lightning Bolt    |       |       |     7 |     9 ||    16
       Swiftness         |       |       |     1 |       ||     1
       Throw Frost       |       |       |       |    10 ||    10
       Mephitic Cloud    |       |       |       |     3 ||     3
  Use: Scroll            |    10 |     1 |     5 |     1 ||    17
       Potion            |     5 |     1 |     2 |     1 ||     9
 Stab: Sleeping          |     2 |     1 |     1 |     1 ||     5
  Eat: Bread ration      |     1 |     2 |     2 |       ||     5
       Chunk             |     1 |     1 |     2 |     1 ||     5
       Meat ration       |       |       |     3 |     1 ||     4
Armor: Robe              |    12 |     8 |    22 |       ||    42
       Leather armour    |       |       |     2 |    14 ||    16
Dodge: Dodged            |    26 |    15 |   120 |    97 ||   258
       Deflected         |     1 |       |     7 |     4 ||    12
